 Dungeon Crawl Stone Soup version 0.26-b1-32-g5d43845318 (webtiles) character file.

Game seed: 14341384523631193971

248 Borgoz the Skirmisher (level 6, -2/52 HPs)
             Began as a Ghoul Gladiator on Jan 13, 2021.
             Slain by a river rat (6 damage)
             ... on level 4 of the Dungeon.
             The game lasted 00:03:51 (4225 turns).

Borgoz the Skirmisher (Ghoul Gladiator)             Turns: 4225, Time: 00:03:51

Health: -2/52      AC:  7    Str: 18    XL:     6   Next: 12%
Magic:  5/5        EV: 11    Int:  3    God:
Gold:   148        SH:  0    Dex: 12    Spells: 5/5 levels left

rFire    . . .     SeeInvis .   a - +0 flail
rCold    + + .     Faith    .   (no shield)
rNeg     + + +     Spirit   .   j - +0 scale mail (curse)
rPois    ∞         Reflect  .   c - +0 helmet
rElec    .         Harm     .   (no cloak)
rCorr    .         Rampage  .   (no gloves)
Will     .....                  (no boots)
Stlth    ..........             (no amulet)
HPRegen  0.00/turn              e - ring of protection from cold
MPRegen  0.09/turn              (no ring)

@: very slow
A: claws 1, cold resistance 1, negative energy resistance 3, inhibited
regeneration, torment resistance, unbreathing
a: no special abilities


You were on level 4 of the Dungeon.
You visited 1 branch of the dungeon, and saw 4 of its levels.

You collected 148 gold pieces.

Inventory:

Hand Weapons
 a - a +0 flail (weapon)
 k - a +0 club
Missiles
 d - 3 throwing nets (quivered)
Armour
 c - a +0 helmet (worn)
 j - a cursed +0 scale mail (worn)
Jewellery
 e - a ring of protection from cold (left claw)
 m - an uncursed amulet of reflection {unknown}
Scrolls
 b - a scroll of identify
 i - 3 scrolls of remove curse
Potions
 f - a potion of heal wounds
 g - 2 potions of cancellation
 h - 3 potions of curing
 l - 2 potions of flight {unknown}
 n - a potion of berserk rage {unknown}
 o - 2 potions of brilliance {unknown}


   Skills:
 * Level 3.8 Fighting
 * Level 3.8 Maces & Flails
 - Level 1.7 Throwing
 * Level 2.3 Armour
 * Level 3.8 Dodging


You had 5 spell levels left.
You didn't know any spells.
Your spell library was empty.

Dungeon Overview and Level Annotations

Branches:
Dungeon (4/15)
 Temple: D:4-7

Altars:
Ashenzari


Innate Abilities, Weirdness & Mutations

You thrive by killing the living.
You are immune to poison.
You have sharp fingernails.
Your flesh is cold resistant. (rC+)
You are immune to negative energy. (rN+++)
You do not regenerate when monsters are visible.
You are immune to unholy pain and torment.
You can survive without breathing.


Message History

Your unstable footing causes you to fumble your attack.
The river rat misses you.
You completely miss the river rat. The river rat closely misses you.
The river rat bites you.
You closely miss the river rat. The river rat bites you.
Your unstable footing causes you to fumble your attack.
The river rat bites you.
You barely miss the river rat. The river rat bites you.
* * * LOW HITPOINT WARNING * * *
You barely miss the river rat. The river rat barely misses you.
The river rat bites you.
* * * LOW HITPOINT WARNING * * *
You closely miss the river rat. The river rat closely misses you.
You barely miss the river rat. The river rat barely misses you.
You closely miss the river rat. The river rat completely misses you.
You barely miss the river rat. The river rat bites you.
* * * LOW HITPOINT WARNING * * *
Your unstable footing causes you to fumble your attack.
The river rat bites you.
You die...

#...........#..#
#.....≈..†..#..#
#.≈.≈≈≈≈≈......#
#≈≈#≈#†####......
#≈≈≈†≈≈≈≈≈#.#....#
#########≈#.####..
#≈#≈≈≈†≈≈#.# .
#≈#≈#≈####..
#≈#≈#@r≈≈#
#≈#≈#≈##≈# #≈#≈#≈≈
# #≈#≈##≈# #≈†≈#
≈# ###≈# ≈# ### ##


You could see a river rat.

Vanquished Creatures
  An orc priest (D:2)
  7 adders
  2 river rats (D:4)
  An ooze (D:3)
  9 worms
  An adder skeleton (D:2)
  3 dart slugs (D:1)
  3 leopard geckos
  9 orcs
  5 bats
  6 giant cockroaches
  9 goblins
  7 hobgoblins
  9 kobolds
  3 quokkas (D:3)
  2 ball pythons
  6 frilled lizards
  12 rats
  2 bushes (D:1)
97 creatures vanquished.

Vanquished Creatures (others)
  A plant (D:1)
1 creature vanquished.

Grand Total: 98 creatures vanquished

Notes
Turn   | Place    | Note
-------+----------+-------------------------------------------
     0 | D:1      | Borgoz the Ghoul Gladiator began the quest for the Orb.
     0 | D:1      | Reached XP level 1. HP: 17/17 MP: 0/0
   134 | D:1      | You fall into a shaft and drop 1 floor!
   276 | D:2      | Reached XP level 2. HP: 24/25 MP: 1/1
   463 | D:1      | Reached XP level 3. HP: 29/30 MP: 2/2
   468 | D:1      | Reached skill level 1 in Armour
  1917 | D:2      | Reached XP level 4. HP: 19/38 MP: 3/3
  2360 | D:2      | Found a broken altar of Ashenzari.
  3107 | D:3      | Reached XP level 5. HP: 41/45 MP: 4/4
  4143 | D:4      | Reached XP level 6. HP: 22/52 MP: 5/5
  4225 | D:4      | Slain by a river rat

Illustrated notes

Levels and vault maps discovered:
D:1:      dpeg_arrival_lava_temple_mockup, layout_basic, serial_forest,
          infiniplex_forest_side_room, infiniplex_forest_straight_2,
          infiniplex_forest_clump_double, infiniplex_forest_clump_cross,
          infiniplex_forest_lined_room_2, infiniplex_forest_lined_ring,
          st_stairs_5
D:2:      layout_basic, lemuel_crystal_altar
D:3:      layout_basic
D:4:      layout_cave_pools, minmay_temple_entry_wispy,
          lightli_sewer_entry_pipes

Skill      XL: |  1  2  3  4  5 |
---------------+----------------+-----
Dodging        | 3 |  3.8
Maces & Flails | 3 |  3.8
Armour         | 1 2 |  2.3
Fighting       | 3 |  3.8
Throwing       | |  1.7

Action                   |  1- 3 |  4- 6 || total
-------------------------+-------+-------++-------
Melee: Flail             |   254 |   309 ||   563
Throw: Throwing net      |     1 |     2 ||     3
  Use: Scroll            |     4 |     2 ||     6
 Stab: Held in net/web   |       |     1 ||     1
Armor: Leather armour    |    25 |       ||    25
       Scale mail        |     4 |   138 ||   142
Dodge: Dodged            |    75 |   217 ||   292
